 Dungeon Crawl Stone Soup version 0.30-a0-55-g90e3122c3a (webtiles) character file.

Game seed: 11659060102593027905

43 kae the Firebug (level 3, 0/19 HPs)
             Began as a Deep Elf Fire Elementalist on Sept 9, 2022.
             Killed from afar by Sigmund (5 damage)
             ... with a magic dart
             ... on level 2 of the Dungeon.
             The game lasted 00:00:48 (1786 turns).

kae the Firebug (Deep Elf Fire Elementalist)        Turns: 1786, Time: 00:00:49

Health: 0/19       AC:  6    Str:  5    XL:     3   Next: 37%
Magic:  2/10       EV: 11    Int: 21    God:
Gold:   108        SH:  0    Dex: 15    Spells: 6/9 levels left

rFire   . . .      SeeInvis .    (no weapon)
rCold   . . .      Faith    .    (no shield)
rNeg    . . .      Spirit   .    g - +0 acid dragon scales
rPois   .          Reflect  .    (no helmet)
rElec   .          Harm     .    (no cloak)
rCorr   +          Rampage  .    (no gloves)
Will    .....                    (no boots)
Stlth   ++........               (no amulet)
HPRegen 0.06/turn                (no ring)
MPRegen 0.12/turn                (no ring)

@: very slightly contaminated
A: no striking features
a: no special abilities


You were on level 2 of the Dungeon.
You visited 1 branch of the dungeon, and saw 2 of its levels.

You collected 108 gold pieces.


   Skills:
 + Level 0.2 Armour
 - Level 2.4 Dodging
 - Level 2.4 Stealth
 + Level 3.5 Spellcasting
 * Level 2.3 Conjurations
 * Level 4.0 Fire Magic


You had 6 spell levels left.
You knew the following spells:

 Your Spells              Type           Power      Damage    Failure   Level
a - Foxfire               Conj/Fire      68%        2x1d7     8%          1
b - Scorch                Fire           40%        2d7       9%          2

Your spell library contained the following spells:

 Spells                   Type           Power      Damage    Failure   Level
 Conjure Flame            Conj/Fire      17%        6-21      22%         3
 Inner Flame              Hex/Fire       12%        N/A       36%         3
 Flame Wave               Conj/Fire      17%        2d7       58%         4
 Confusing Touch          Hex            3%         N/A       63%         3
 Metabolic Englaciation   Hex/Ice        1%         N/A       100%        5
 Death Channel            Necr           1%         N/A       100%        6
 Simulacrum               Ice/Necr       1%         N/A       100%        6
 Summon Cactus Giant      Summ           1%         N/A       100%        6

Inventory:

Missiles
 c - 10 stones
Armour
 a - a +0 robe
 g - +0 acid dragon scales (worn)
   (You found it on level 2 of the Dungeon)
Scrolls
 e - 2 scrolls of identify {unknown}
 f - a scroll of magic mapping {unknown}
 h - a scroll of noise {unknown}
 i - a scroll of acquirement {unknown}
 j - a scroll of poison {unknown}
Potions
 b - a potion of magic
 d - a potion of curing {unknown}
 k - a potion of brilliance {unknown}

Dungeon Overview and Level Annotations

Branches:
Dungeon (2/15) Zot: 10213

Altars:

Shops:
D:1 (

Annotations:
D:2 Sigmund

### #.##############
#..............#
######.############.#
..........# #.#
........#@# #.#
#########.# #.# @.#
#.# #### #.#####
#...... #########
......... ########.
#......#.


You could see Sigmund (combustible).


Message History

Found a stone staircase leading up. 😕 HP[+2] MP[+6]
You regained 2 hp, and now have 16/19 hp.
Your mp is fully restored (10).
Unknown command.
You see here a +0 club.
i - a scroll labelled AVAFFU MYADI 😎 HP[+3]
Your hp is fully restored (19).
j - a scroll labelled OFROEF IXT You see here a +0 leather armour.
A bat comes into view.
A bat is nearby!
Casting: Foxfire (safe; 8% risk of failure)
Confirm with . or Enter, or press ? or * to list all spells.
You conjure some foxfire!
The foxfire hits the bat but does no damage. 😎 MP[-1]
You lost 1 mp, and now have 9/10 mp.
A bat is nearby!
Casting: Foxfire (safe; 8% risk of failure)
Confirm with . or Enter, or press ? or * to list all spells.
You conjure some foxfire!
The foxfire hits the bat.
The foxfire hits the bat.
You kill the bat!
Your Fire Magic skill increases to level 4! 😎 MP[-1]
You lost 1 mp, and now have 8/10 mp.
A goblin comes into view. It is wielding a +0 dagger.
The goblin shouts!
You hear an angry hiss. 😎 MP[+2]
Your mp is fully restored (10).
Unknown command.
Casting: Foxfire (safe; 8% risk of failure)
Confirm with . or Enter, or press ? or * to list all spells.
You conjure some foxfire!
The goblin hits you but does no damage.
The foxfire hits the goblin.
You kill the goblin!
A ball python comes into view. 😎 MP[-1]
You lost 1 mp, and now have 9/10 mp.
A ball python is nearby!
A ball python is nearby!
Casting: Foxfire (safe; 8% risk of failure)
Confirm with . or Enter, or press ? or * to list all spells.
You conjure some foxfire!
The foxfire hits the ball python.
You kill the ball python! 😎 MP[-1]
You lost 1 mp, and now have 8/10 mp.
Unknown command.
You now have 101 gold pieces (gained 15).
You see here a +0 dagger.
You see here a ball python corpse.
You see here a +0 great sword.
You now have 108 gold pieces (gained 7).
You open the door.
There is an open door here.
Key pressed, stopping explore.
Unknown command. 😎 MP[+2]
Your mp is fully restored (10).
You pick up the Directory of Macabre Hexes and begin reading...
You add the spells Confusing Touch, Metabolic Englaciation, Simulacrum and Death Channel to your library.
k - a brown potion Unknown command.
Sigmund the Dreaded comes into view.
He is wielding a +0 scythe.
Sigmund shouts!
Sigmund completely misses you.
Unknown command.
Unknown command.
Casting: Foxfire (safe; 8% risk of failure)
Confirm with . or Enter, or press ? or * to list all spells.
You miscast Scorch.
You are very lightly contaminated with residual magic.
Nothing appears to happen. 😎 MP[-2]
You lost 2 mp, and now have 8/10 mp.
Casting: Scorch (safe; 9% risk of failure)
Confirm with . or Enter, or press ? or * to list all spells.
Flames lash Sigmund.
Sigmund's fire resistance burns away.
Sigmund hits you from afar with a +0 scythe!
Sigmund hits you from afar with a +0 scythe.
* * * LOW HITPOINT WARNING * * *
😨 HP[-14] MP[-2]
You take 14 damage, and now have 5/19 hp.
MASSIVE DAMAGE!! (PAUSE)
You lost 2 mp, and now have 6/10 mp.
Casting: Scorch (safe; 9% risk of failure)
Confirm with . or Enter, or press ? or * to list all spells.
Flames lash Sigmund.
Sigmund is burned terribly!
Sigmund hits you but does no damage. 😨 MP[-2]
You lost 2 mp, and now have 4/10 mp.
Unknown command.
Casting: Scorch (safe; 9% risk of failure)
Confirm with . or Enter, or press ? or * to list all spells.
Flames lash Sigmund.
Sigmund is burned terribly!
Sigmund points at you and mumbles some strange words.
The magic dart hits you.
You die...

Skill      XL: |  1  2  3 |
---------------+----------+-----
Conjurations   | 2 |  2.3
Fire Magic     | 4 |  4.0
Armour         | |  0.2
Dodging        | |  2.4
Stealth        | |  2.4
Spellcasting   | |  3.5

Action                   || total
-------------------------++-------
Melee: Unarmed           ||     1
 Cast: Foxfire           ||    69
       Scorch            ||     3
Armor: Acid dragon scale ||     3
Dodge: Dodged            ||    12

Levels and vault maps discovered:
D:1:      saegor_arrival_simple_e, layout_basic,
          ebering_ecumenical_altar_petrified, serial_shops, nicolae_diamond_shop
D:2:      layout_basic, uniq_crazy_yiuf_cottage, uniq_sigmund

Notes
Turn   | Place    | Note
-------+----------+-------------------------------------------
     0 | D:1      | kae the Deep Elf Fire Elementalist began the quest for the
                  | Orb.
     0 | D:1      | Reached XP level 1. HP: 10/10 MP: 6/6
     0 | D:1      | magus.rc [v1.11.3]
     8 | D:1      | Found a faded altar of an unknown god.
   129 | D:1      | Reached XP level 2. HP: 15/15 MP: 5/8
   276 | D:1      | Found Raycs's Antique Weapon Boutique.
   446 | D:1      | You pick up a book of Scorching and begin reading...
   646 | D:1      | Reached skill level 2 in Conjurations
   811 | D:1      | Learned a level 2 spell: Scorch
   952 | D:2      | HP: 2/15 [dart slug/slug dart (3)]
  1278 | D:2      | Reached XP level 3. HP: 16/19 MP: 6/9
  1644 | D:2      | Reached skill level 4 in Fire Magic
  1721 | D:2      | You add the spells Confusing Touch, Metabolic Englaciation,
                  | Simulacrum and Death Channel to your library.
  1721 | D:2      | Got the Directory of Macabre Hexes
  1780 | D:2      | Noticed Sigmund
  1786 | D:2      | Killed from afar by Sigmund

Vanquished Creatures
  An adder (D:2)
  A dart slug (D:2)
  4 ball pythons
  An endoplasm (D:2)
  A giant cockroach (D:1)
  3 hobgoblins
  2 kobolds (D:1)
  2 quokkas (D:1)
  5 bats
  A frilled lizard (D:1)
  6 goblins
  5 rats
32 creatures vanquished.

Vanquished Creatures (collateral kills)
  2 foxfires (D:1)
2 creatures vanquished.

Vanquished Creatures (others)
  112 foxfires
112 creatures vanquished.

Grand Total: 146 creatures vanquished

Table legend:
 A = Non-vault XP
 B = Vault XP
 C = Vault XP percentage of total XP
 D = Non-vault monster count
 E = Vault monster count
 F = Vault count percentage of total count
                 A         B        C        D         E       F
            +---------+---------+-------+---------+---------+-------
      Total |      62 |       0 |   0.0 |      32 |       0 |   0.0
            +---------+---------+-------+---------+---------+-------
        D:1 |      30 |       0 |   0.0 |      20 |       0 |   0.0
        D:2 |      32 |       0 |   0.0 |      12 |       0 |   0.0
            +---------+---------+-------+---------+---------+-------

Illustrated notes

Table legend:
 A = Kills in this place as a percentage of kills in entire the game.
 B = Kills by you in this place as a percentage of kills by you in the entire game.
 C = Kills by friends in this place as a percentage of kills by friends in the entire game.
 D = Other kills in this place as a percentage of other kills in the entire game.
 E = Experience gained in this place as a percentage of experience gained in the entire game.
 F = Experience gained in this place divided by the number of levels of this place that you have seen.
                   A       B       C       D       E      F
               +-------+-------+-------+-------+-------+----------------------
         Total | 100.0 | 100.0 |   N/A |   N/A | 100.0 |  31.0
       Dungeon | 100.0 | 100.0 |   N/A |   N/A | 100.0 |  31.0
               +-------+-------+-------+-------+-------+----------------------

Table legend: (Time is in decaauts)
 A = Elapsed time spent in this place.
 B = Non-inter-level travel time spent in this place.
 C = Inter-level travel time spent in this place.
 D = Time resting spent in this place.
 E = Time spent auto-exploring this place.
 F = Levels seen in this place.
 G = Mean time per level.
                   A        B        C        D        E       F      G
               +--------+--------+--------+--------+--------+-----+--------+
         Total |   1785 |   1712 |     73 |      4 |   1482 |   2 |  892.5 |
       Dungeon |   1785 |   1712 |     73 |      4 |   1482 |   2 |  892.5 |
               +--------+--------+--------+--------+--------+-----+--------+

Top non-repeatable levels by time:
     D:2: 901 daAuts
     D:1: 884 daAuts
